 Dungeon Crawl Stone Soup version 0.28.0-53-g5a82cb258f (webtiles) character file.

Game seed: 6245623981778824051

202844 H0rd4k the Nimble (level 19, -1/146 HPs)
             Began as a Human Artificer on June 28, 2022.
             Was an Initiate of Gozag.
             Slain by a +2 war axe of flaming (16 damage)
             ... on level 1 of the Elven Halls on July 4, 2022.
             The game lasted 03:23:00 (83389 turns).

H0rd4k the Nimble (Human Artificer)                Turns: 83389, Time: 03:23:04

Health: -1/146     AC: 20    Str: 17    XL:     19   Next: 30%
Magic:  0/35       EV: 19    Int: 20    God:    Gozag
Gold:   2506       SH:  0    Dex: 15    Spells: 21/42 levels left

rFire   . . .      SeeInvis +   d - +7 staff of the Meek {protect, meekguard}
rCold   + . .      Faith    .   (shield currently unavailable)
rNeg    . . .      Spirit   +   J - +3 leather armour
rPois   +          Reflect  .   O - +2 helmet {Int+3}
rElec   .          Harm     .   j - +2 cloak {rCorr}
rCorr   +          Rampage  ∞   n - +1 pair of gloves "Umuit" {rC+}
Will    +....                   X - +3 pair of seven-league boots {Rampage+∞}
Stlth   +++.......              f - amulet of guardian spirit
HPRegen 0.34/turn               p - ring of the Octopus King {AC+1 EV+1 Str+1 Int+1 Dex+1 SInv}
MPRegen 0.24/turn               c - ring of poison resistance

@: no status effects
A: no striking features
}: 1/15 runes: gossamer
a: Renounce Religion, Potion Petition, Call Merchant, Bribe Branch


You were on level 1 of the Elven Halls.
You worshipped Gozag.
Gozag was most pleased with you.
You visited 7 branches of the dungeon, and saw 33 of its levels.

You collected 13451 gold pieces.
You spent 4557 gold pieces at shops.
You paid 6388 gold pieces to Gozag.

Inventory:

Hand Weapons
 d - the +7 staff of the Meek (weapon) {protect, meekguard}
   (You found it on level 12 of the Dungeon)

   It grants its wielder temporary protection when it strikes (+7 to AC).
   It provides extra protection to wielders with little health.
 B - a +6 dagger of freezing
 T - a +9 falchion
 Z - a +4 scimitar of holy wrath
Missiles
 t - 6 curare-tipped darts
 v - 39 poisoned darts (quivered)
Armour
 j - a +2 cloak of preservation (worn)
 n - the +1 pair of gloves "Umuit" (worn) {rC+}
   (You took it off Nikola on level 1 of the Spider Nest)

   rC:        It protects you from cold.
 J - a +3 leather armour (worn)
 L - a scarf of repulsion
 M - a scarf of resistance
 O - a +2 helmet of intelligence (worn)
 X - the +3 pair of seven-league boots (worn) {Rampage+∞}
   (You bought it in a shop on level 9 of the Dungeon)

   Its wearer moves as far as possible in that direction when moving towards
   enemies.
 Y - the +10 shadow dragon scales "Busus" {rPois rF+ Stlth++++}
   (You found it on level 9 of the Dungeon)

   rF:        It protects you from fire.
   rPois:     It protects you from poison.
   Stlth:     It makes you much more stealthy.
Jewellery
 c - a ring of poison resistance (right hand)
 f - an amulet of guardian spirit (around neck)
 m - a ring of see invisible
 p - a ring of the Octopus King (left hand) {AC+1 EV+1 Str+1 Int+1 Dex+1 SInv}
   (You found it on level 6 of the Lair of Beasts)

   [ring of see invisible]

   AC:        It affects your AC (+1).
   EV:        It affects your evasion (+1).
   Str:       It affects your strength (+1).
   Int:       It affects your intelligence (+1).
   Dex:       It affects your dexterity (+1).
   SInv:      It lets you see invisible.
 y - an amulet of reflection
 F - a ring of ice
 G - a ring of fire
Wands
 b - a wand of charming (6)
 l - a wand of flame (14)
 D - a wand of mindburst (3)
 R - a wand of digging (6)
Scrolls
 a - a scroll of magic mapping
 h - a scroll of fear
 k - 6 scrolls of teleportation
 o - 22 scrolls of identify
 H - 5 scrolls of amnesia
 I - a scroll of silence
 K - 2 scrolls of fog
Potions
 g - 4 potions of curing
 i - 2 potions of lignification
 q - 7 potions of haste
 s - 7 potions of brilliance
 u - 7 potions of flight
 w - 4 potions of might
 x - 4 potions of mutation
 z - 2 potions of ambrosia
 A - a potion of cancellation {unknown}
 C - 5 potions of resistance
 Q - 4 potions of invisibility
Miscellaneous
 e - a piece from Xom's chessboard (15/15)
 E - a phial of floods
 N - a lightning rod (4/4)
 P - a phantom mirror


   Skills:
 + Level 12.2 Fighting
 - Level 10.5(12.3) Short Blades
 - Level 10.3(12.2) Long Blades
 - Level 1.6(7.7) Maces & Flails
 + Level 11.8 Staves
 - Level 4.6 Armour
 - Level 12.4 Dodging
 - Level 7.6 Stealth
 - Level 5.2 Shields
 + Level 12.2 Spellcasting
 + Level 10.5 Summonings
 - Level 5.1 Translocations
 - Level 7.4 Air Magic
 + Level 7.6 Evocations


You had 21 spell levels left.
You knew the following spells:

 Your Spells              Type           Power      Damage    Failure   Level
a - Summon Lightning Spi  Summ/Air       48%        N/A       1%          4
b - Summon Forest         Summ/Tloc      21%        N/A       7%          5
c - Summon Cactus Giant   Summ           26%        N/A       13%         6
d - Swiftness             Air            42%        N/A       1%          3
e - Teleport Other        Tloc           32%        N/A       2%          3

Your spell library contained the following spells:

 Spells                   Type           Power      Damage    Failure   Level
 Shock                    Conj/Air       100%       1d9       1%          1
 Call Imp                 Summ           53%        N/A       1%          2
 Static Discharge         Conj/Air       27%        N/A       2%          2
 Gell's Gravitas          Tloc           32%        N/A       2%          3
 Lesser Beckoning         Tloc           32%        N/A       2%          3
 Airstrike                Air            21%        N/A       3%          4
 Magic Dart               Conj           48%        1d5       7%          1
 Mephitic Cloud           Conj/Pois/Air  22%        N/A       7%          3
 Ensorcelled Hibernation  Hex/Ice        24%        N/A       10%         2
 Scorch                   Fire           24%        2d6       10%         2
 Dazzling Flash           Conj/Hex       24%        N/A       21%         3
 Spider Form              Tmut/Pois      12%        N/A       21%         3
 Summon Mana Viper        Hex/Summ       33%        N/A       21%         5
 Iskenderun's Mystic Bla  Conj/Tloc      22%        2d6       22%         4
 Lightning Bolt           Conj/Air       13%        1d27      36%         5
 Anguish                  Hex/Necr       6%         N/A       54%         4
 Dispel Undead            Necr           12%        3d9       54%         4
 Flame Wave               Conj/Fire      12%        2d6       54%         4
 Olgreb's Toxic Radiance  Pois           12%        N/A       54%         4
 Sticky Flame             Conj/Fire      12%        2d4       54%         4
 Conjure Ball Lightning   Conj/Air       13%        3x3d6     91%         6
 Starburst                Conj/Fire      6%         6d4       100%        6
 Ozocubu's Refrigeration  Ice            6%         4d6       100%        7
 Discord                  Hex            6%         N/A       100%        8
 Disjunction              Tloc           16%        N/A       100%        8
 Ignition                 Fire           6%         3d4       100%        8


Dungeon Overview and Level Annotations

Branches:
Dungeon (15/15)            Temple (1/1) D:7            Lair (6/6) D:9
  Swamp (4/4) Lair:2       Spider (4/4) Lair:2        Slime (0/5) Lair:6
    Orc (2/2) D:11            Elf (1/3) Orc:2        Vaults (0/5) D:13
 Depths (0/4) D:15

Altars:
Ashenzari
Cheibriados
Dithmenos
Elyvilon
Fedhas
Gozag
Hepliaklqana
Kikubaaqudgha
Makhleb
Nemelex Xobeh
Okawaru
Qazlal
Ru
Sif Muna
Trog
Uskayaw
Vehumet
Wu Jian
Xom
Yredelemnul
Zin
The Shining One
Beogh
Jiyva

Shops:
D:1 (   D:2 *   D:3 *   D:7 :   D:9 [([(((   D:15 :   Orc:1 **   Orc:2 *(=[

Annotations:
D:4 exclusion: downstairs
D:6 exclusion: upstairs
D:8 exclusion: 2 upstairs
D:9 exclusion: 2 downstairs
D:13 exclusion: downstairs
D:14 exclusion: downstairs
Lair:1 exclusion: downstairs
Lair:3 exclusion: upstairs
Lair:4 exclusion: downstairs
Swamp:2 exclusion: downstairs
Swamp:3 exclusion: 2 downstairs
Swamp:4 3 runed translucent doors, exclusions: 3 doors and 1 more exclusion, Lernaean hydra; OmG's ghost, adept DESu
Orc:1 exclusion: downstairs


Message History

Unknown command.
You are too confused!
Unknown command.
You feel better.
You feel less invigorated.
The +2 war axe of flaming completely misses you.
The +2 war axe of flaming hits you but does no damage.
You barely miss the +2 war axe of flaming.
The +2 war axe of flaming is moderately damaged.
The +2 war axe of flaming misses you.
Unknown command.
Cast which spell? (? or * to list)
An electric hum fills the air.
The +2 war axe of flaming hits you.
* * * LOW HITPOINT WARNING * * *
The +2 war axe of flaming burns you.
* * * LOW HITPOINT WARNING * * *
The +2 war axe of flaming hits you but does no damage.
Unknown command.
You closely miss the +2 war axe of flaming.
The +2 war axe of flaming is lightly damaged.
The +2 war axe of flaming hits you but does no damage.
The +2 war axe of flaming closely misses you.
Unknown command.
The +2 war axe of flaming hits you!!
* * * LOW HITPOINT WARNING * * *
The +2 war axe of flaming burns you!
* * * LOW HITPOINT WARNING * * *
You feel better.
You feel yourself speed up.
The +2 war axe of flaming completely misses you.
The +2 war axe of flaming hits you!
* * * LOW HITPOINT WARNING * * *
The +2 war axe of flaming burns you.
* * * LOW HITPOINT WARNING * * *
You feel better. The +2 war axe of flaming hits you.
* * * LOW HITPOINT WARNING * * *
The +2 war axe of flaming burns you.
* * * LOW HITPOINT WARNING * * *
The +2 war axe of flaming hits you!!
You die...
Your body crumbles into a pile of gold.

################
................ #e..
............... #...
...............
#...#############'#######
#...#..8.................
#...#....................
#$..#..(@..).............
#...#...######[#).######.
#...'...'$.....#..#
#...#$..#$.....#..#
#...#...##'#####..##
#...#...............
#...#..............e
#...#...............
#...#########'######


You could see a +2 war axe of flaming (ally target) and a friendly lightning
spire (summoned).

Vanquished Creatures
  Nikola (Spider:1)
  Arachne (Spider:3)
  Jorgrun (Swamp:2)
  Frances (Elf:1)
  An emperor scorpion (Spider:1)
  An orc warlord (Orc:2)
  A ghost moth (Spider:4)
  An eleionoma (Swamp:4)
  2 entropy weavers
  5 bunyips
  Fannar (D:11)
  16 hydras
  A jorogumo (Spider:4)
  2 ghost crabs
  2 boulder beetles
  A radroach (Lair:2)
  5 centaur warriors
  A death knight (D:15)
  5 two-headed ogres
  5 alligators
  7 death yaks
  A deep troll shaman (Lair:6)
  An orc high priest (Orc:2)
  Urug (D:13)
  A deep elf knight (Elf:1)
  5 skeletal warriors (D:14)
  Nergalle (D:10)
  A pharaoh ant (Spider:4)
  A steelbarb worm (Spider:1)
  A spriggan druid (Swamp:3)
  3 goliath frogs
  A deep troll (D:14)
  A deep elf archer (Elf:1)
  2 orb spiders
  3 bog bodies
  5 swamp dragons
  A wizard (D:14)
  Pikel (D:7)
  4 orc knights
  4 deep elf zephyrmancers (Elf:1)
  2 necromancers (D:15)
  A spectral jorogumo (Spider:4)
  A spectral wolf spider (Spider:4)
  A cyclops (D:15)
  An ugly thing (D:11)
  5 will-o-the-wisps
  3 deep elf pyromancers
  An orc sorcerer (Orc:2)
  6 wolf spiders
  A manticore (D:12)
  A moth of wrath (Spider:4)
  8 elephants
  4 torpor snails
  5 black mambas
  A torpor snail (shapeshifter) (D:14)
  18 cane toads
  2 gargoyles
  A kobold demonologist (D:11)
  3 unseen horrors
  A demonic crawler (Spider:4)
  3 spectral redbacks (Spider:4)
  2 rime drakes (Lair:3)
  A freezing wraith (D:15)
  8 komodo dragons
  2 efreet (D:14)
  7 tyrant leeches
  Grinder (D:3)
  3 polar bears
  8 trolls
  7 meliai
  3 spectral jumping spiders (Spider:4)
  12 tarantellas
  5 dream sheep
  6 slime creatures
  2 tarantella zombies (Spider:4)
  4 hornets
  13 blink frogs
  2 spriggans
  12 jumping spiders
  5 wraiths
  10 culicivoras
  A hog (Spider:4)
  49 yaks
  A vampire (D:14)
  A shadow (D:10)
  6 wyverns
  6 basilisks
  16 redbacks
  A steam dragon (D:9)
  9 swamp worms
  9 vampire mosquitoes
  2 wargs (Orc:2)
  2 acid dragons (D:10)
  14 water moccasins
  15 nameless horrors
  A swamp drake (shapeshifter) (D:15)
  21 orc warriors
  3 sky beasts
  An ice beast (D:6)
  2 swamp drakes
  4 black bears
  6 ogres
  4 necrophages
  17 wolves
  10 centaurs
  A lemure (D:7)
  2 phantoms
  4 kobold brigands
  Blork the orc (D:4)
  16 bullfrogs
  A scorpion (D:4)
  2 water moccasin zombies (D:6)
  A gnoll sergeant (D:10)
  3 wights
  3 killer bees (D:11)
  8 electric eels
  5 howler monkeys
  A hound (D:5)
  7 centaur zombies
  18 orc priests
  A jelly (D:6)
  A bullfrog skeleton (D:6)
  3 gnoll shamans (D:9)
  Natasha (thrice) (D:2)
  14 orc wizards
  An iguana (D:5)
  5 hell rats (Lair:1)
  Robin (D:4)
  15 gnolls
  7 adders
  A shadow imp (D:6)
  3 white imps
  A dart slug (D:4)
  55 orcs
  3 endoplasms
  A giant cockroach (D:1)
  11 goblins
  9 hobgoblins
  10 jackals (D:1)
  3 quokkas
  7 ball pythons
  6 bats
  2 frilled lizards (D:3)
  12 kobolds
  6 rats
  A butterfly (Lair:3)
737 creatures vanquished.

Vanquished Creatures (collateral kills)
  4 emperor scorpions
  A bunyip (Swamp:4)
  Nessos (Lair:5)
  A boulder beetle (Spider:1)
  A ghost crab (Swamp:3)
  3 hydras
  3 death knights
  2 jorogumos
  2 catoblepae
  A radroach (Spider:2)
  3 alligators
  A two-headed ogre (D:11)
  2 death yaks (Lair:6)
  5 death scarabs (Spider:4)
  3 pharaoh ants
  2 goliath frogs
  4 steelbarb worms
  2 spriggan druids (Swamp:4)
  6 swamp dragons
  2 orb spiders
  A deep troll (D:15)
  2 bog bodies
  A lindwurm (Lair:5)
  An orc knight (Orc:1)
  A deep elf archer (Elf:1)
  A spectral wolf spider (Spider:4)
  A deep elf zephyrmancer (Elf:1)
  A will-o-the-wisp (Swamp:3)
  4 deep elf pyromancers
  9 wolf spiders
  2 orc sorcerers (Orc:2)
  4 moths of wrath
  A centaur zombie (D:11)
  A manticore (D:13)
  An elephant (Lair:6)
  A black mamba (Lair:6)
  A torpor snail (Spider:1)
  3 cane toads
  A gargoyle (D:12)
  A cane toad (shapeshifter) (Spider:3)
  A rime drake (shapeshifter) (D:14)
  2 spectral redbacks (Spider:4)
  A demonic crawler (Spider:1)
  3 komodo dragons
  An efreet (D:14)
  A freezing wraith (D:15)
  3 polar bears
  5 meliai
  2 spectral tarantellas (Spider:4)
  A spectral jumping spider (Spider:4)
  2 hornets
  6 slime creatures
  3 tarantella zombies (Spider:4)
  2 spectral culicivoras (Spider:4)
  13 tarantellas
  3 dream sheep
  8 culicivoras
  15 jumping spiders
  6 yaks
  5 spriggans
  2 wyverns
  A hog (shapeshifter) (D:15)
  A basilisk (Lair:6)
  4 hogs (Spider:4)
  28 redbacks
  3 vampire mosquitoes
  A warg (Orc:2)
  4 swamp worms
  An acid dragon (D:9)
  2 water moccasins
  18 orc warriors
  5 swamp drakes (Swamp:4)
  A wolf (Lair:6)
  5 ogres
  4 centaurs
  2 kobold brigands
  A bullfrog (D:9)
  A wight (D:8)
  3 orc priests
  A gnoll shaman (D:8)
  4 orc wizards (Orc:2)
  A gnoll (D:8)
  36 orcs
  A rat (D:1)
300 creatures vanquished.

Vanquished Creatures (others)
  Kirke (Spider:4)
  A bunyip (Swamp:3)
  A two-headed ogre (D:10)
  2 dancing weapons (D:13)
  A spriggan (Swamp:3)
  A wizard (D:14)
  A wolf spider (Spider:4)
  An ugly thing (D:9)
  A cane toad (Lair:1)
  A bloated husk (Swamp:1)
  2 trolls
  A hornet (Swamp:3)
  A wyvern (Lair:1)
  2 orc warriors
  An orc priest (D:5)
  An orc wizard (D:11)
  A kobold (D:1)
  A bush (Lair:2)
  44 foxfires
  39 fungi
  59 plants
163 creatures vanquished.

Grand Total: 1200 creatures vanquished

Notes
Turn   | Place    | Note
-------+----------+-------------------------------------------
     0 | D:1      | H0rd4k the Human Artificer began the quest for the Orb.
     0 | D:1      | Reached XP level 1. HP: 15/15 MP: 1/1
   274 | D:1      | Reached XP level 2. HP: 8/21 MP: 2/2
   732 | D:1      | HP: 1/21 [kobold/+0 dagger (3)]
  1053 | D:1      | Found Mehoqy's Weapon Shop.
  1090 | D:1      | Reached XP level 3. HP: 18/26 MP: 3/3
  1691 | D:1      | Reached skill level 1 in Maces & Flails
  1978 | D:2      | HP: 1/26 [poisoned by a goblin]
  2472 | D:2      | Noticed Natasha
  2478 | D:2      | HP: 1/27 [Natasha/magic dart (8)]
  2481 | D:2      | Killed Natasha
  2482 | D:2      | Reached XP level 4. HP: 2/33 MP: 4/4
  2780 | D:2      | Found Jeocul's Assorted Antiques.
  3030 | D:2      | Noticed Natasha
  3056 | D:2      | Killed Natasha
  3057 | D:2      | Reached skill level 1 in Short Blades
  3057 | D:2      | Reached XP level 5. HP: 11/38 MP: 5/5
  3484 | D:2      | Found a faded altar of an unknown god.
  3531 | D:2      | Noticed Natasha
  3545 | D:2      | Killed Natasha
  3709 | D:3      | Identified the +1 ring mail of Letam {Regen+}
  3970 | D:3      | You fall into a shaft and drop 2 floors!
  3970 | D:5      | Entered Level 5 of the Dungeon
  4058 | D:4      | Noticed a necrophage
  4079 | D:4      | Killed a necrophage
  4080 | D:4      | Reached XP level 6. HP: 34/46 MP: 6/6
  4186 | D:3      | Noticed Grinder
  4204 | D:3      | Paralysed by Grinder for 7 turns
  4222 | D:3      | Paralysed by Grinder for 4 turns
  4226 | D:3      | Killed Grinder
  4227 | D:3      | Reached XP level 7. HP: 21/52 MP: 7/7
  4665 | D:3      | Found Xota's General Store.
  5596 | D:4      | Noticed Blork the orc
  5613 | D:4      | Killed Blork the orc
  5614 | D:4      | Reached XP level 8. HP: 37/58 MP: 8/8
  5784 | D:4      | Noticed Robin
  5865 | D:4      | Killed Robin
  6208 | D:5      | Reached skill level 5 in Short Blades
  6208 | D:5      | Reached skill level 5 in Evocations
  6296 | D:5      | Noticed a wraith
  6777 | D:5      | Reached skill level 1 in Shields
  6994 | D:5      | Reached skill level 5 in Dodging
  7061 | D:5      | Reached XP level 9. HP: 66/66 MP: 9/9
  7603 | D:6      | Reached skill level 5 in Fighting
  8306 | D:7      | Found a staircase to the Ecumenical Temple.
  8420 | D:7      | Noticed Pikel
  8554 | D:8      | Reached XP level 10. HP: 69/76 MP: 10/10
  8574 | D:8      | Found a sparkling altar of Nemelex Xobeh.
  8806 | Temple   | Entered the Ecumenical Temple
  8954 | Temple   | Became a worshipper of Gozag Ym Sagoz the Greedy
  9793 | D:8      | Found a radiant altar of Vehumet.
  9816 | D:7      | Found a glowing silver altar of Zin.
  9816 | D:7      | Found a burning altar of Makhleb.
  9816 | D:7      | Found an ornate altar of the Wu Jian Council.
  9816 | D:7      | Found a bloodstained altar of Trog.
  9819 | D:7      | Found a glowing golden altar of the Shining One.
 10021 | D:7      | Killed Pikel
 10480 | D:7      | Found Zoejib's Book Emporium.
 11192 | D:8      | Identified the +5 spear of Moral Flaws {vorpal, Drain rPois
                  | Will++}
 11228 | D:8      | Found a shimmering blue altar of Sif Muna.
 12170 | D:9      | Noticed a brown ugly thing
 12187 | D:9      | Reached skill level 5 in Shields
 12197 | D:9      | Noticed a deep elf pyromancer
 12245 | D:9      | Identified the +10 shadow dragon scales "Busus" {rPois rF+
                  | Stlth++++}
 12520 | D:9      | Noticed an elephant
 12783 | D:8      | Killed an elephant
 12784 | D:8      | Reached XP level 11. HP: 35/84 MP: 11/11
 13312 | D:9      | Killed a deep elf pyromancer
 13788 | D:9      | Noticed a death yak
 13938 | D:9      | Found a staircase to the Lair.
 14621 | D:9      | Noticed a two-headed ogre
 14640 | D:9      | Killed a two-headed ogre
 14766 | D:9      | Killed a death yak
 15637 | D:9      | Found a hazy altar of Hepliaklqana.
 15806 | D:10     | Entered Level 10 of the Dungeon
 15853 | D:10     | Noticed a two-headed ogre
 15877 | D:10     | Noticed a two-headed ogre
 15896 | D:10     | Noticed a two-headed ogre
 15898 | D:10     | Killed a two-headed ogre
 15903 | D:10     | Killed a two-headed ogre
 15904 | D:10     | Reached skill level 10 in Short Blades
 15904 | D:10     | Reached XP level 12. HP: 29/94 MP: 12/12
 16214 | D:10     | Reached skill level 10 in Dodging
 16763 | D:10     | Noticed a two-headed ogre
 17351 | D:10     | Noticed a centaur warrior
 17397 | D:10     | Killed a centaur warrior
 18851 | D:2      | Bought a scroll of teleportation for 69 gold pieces
 19086 | D:7      | Bought a book of Storms for 448 gold pieces
 19091 | D:7      | Learned a level 4 spell: Summon Lightning Spire
 19574 | D:10     | Noticed Nergalle
 19973 | Lair:1   | Entered Level 1 of the Lair of Beasts
 20087 | Lair:1   | Reached skill level 1 in Spellcasting
 22001 | Lair:1   | Reached skill level 1 in Long Blades
 22101 | Lair:1   | Noticed a six-headed hydra
 22399 | Lair:2   | Noticed a death yak
 22439 | Lair:2   | Noticed a death yak
 22439 | Lair:2   | Noticed an eight-headed hydra
 22471 | Lair:2   | Noticed a death yak
 22770 | Lair:2   | Reached XP level 13. HP: 90/103 MP: 17/17
 22783 | Lair:2   | Reached skill level 1 in Summonings
 23173 | Lair:2   | Found a hole to the Spider Nest.
 23214 | Lair:2   | Reached skill level 1 in Air Magic
 23766 | Lair:2   | Found a staircase to the Swamp.
 24067 | Lair:2   | Reached skill level 10 in Fighting
 26316 | Lair:3   | Reached skill level 5 in Long Blades
 29008 | D:9      | Bought a pair of runed boots for 262 gold pieces
 30087 | Lair:2   | Reached XP level 14. HP: 108/111 MP: 21/21
 30860 | Lair:3   | Reached skill level 5 in Spellcasting
 33654 | Lair:5   | Noticed Nessos
 33896 | Lair:5   | Killed Nessos
 36132 | D:10     | Killed Nergalle
 37442 | D:11     | Noticed Fannar
 37468 | D:11     | Killed Fannar
 37725 | D:11     | Reached skill level 5 in Summonings
 37831 | D:11     | Reached skill level 5 in Stealth
 37905 | D:11     | Found a staircase to the Orcish Mines.
 38318 | D:11     | Reached XP level 15. HP: 117/118 MP: 20/25
 39122 | Orc:1    | Entered Level 1 of the Orcish Mines
 39247 | Orc:1    | Found Rongef's General Store.
 39248 | Orc:1    | Found Xepoliyv's Specific Store.
 39531 | Orc:2    | Entered Level 2 of the Orcish Mines
 40138 | Orc:2    | Found a staircase to the Elven Halls.
 40597 | Orc:2    | Noticed an orc warlord
 41166 | Orc:2    | Killed an orc warlord
 42705 | Orc:2    | Found Wych's General Store.
 42712 | Orc:2    | Bought a scroll of magic mapping for 56 gold pieces
 42721 | Orc:2    | Found Ivoson's Jewellery Shoppe.
 42813 | Orc:2    | Found Vicies Sili's Antique Weapon Shoppe.
 42905 | Orc:2    | Found Cytupn Wazu's Antique Armour Shoppe.
 42911 | Orc:2    | Bought a shiny orb for 348 gold pieces
 42911 | Orc:2    | Bought a dazzling helmet for 275 gold pieces
 42911 | Orc:2    | Identified the -7 helmet of Sih Isu {rC+ rN+ Int+3} (You
                  | bought it in a shop on level 2 of the Orcish Mines)
 43547 | D:7      | Learned a level 5 spell: Summon Forest
 43800 | Lair:6   | Entered Level 6 of the Lair of Beasts
 43856 | Lair:6   | Reached skill level 1 in Translocations
 44740 | Lair:6   | Found a staircase to the Slime Pits.
 44740 | Lair:6   | Found a viscous altar of Jiyva.
 46274 | Lair:6   | Reached skill level 5 in Air Magic
 46442 | Lair:6   | Found the ring of the Octopus King
 46603 | Lair:6   | Identified a ring of the Octopus King {AC+1 EV+1 Str+1
                  | Int+1 Dex+1 SInv}
 47517 | D:12     | Found the +7 staff of the Meek {protect, meekguard}
 48385 | D:13     | Found a shimmering altar of Xom.
 48385 | D:13     | Found a shimmering altar of Xom.
 48386 | D:13     | Found a shimmering altar of Xom.
 48386 | D:13     | Found a shimmering altar of Xom.
 48386 | D:13     | Found a shimmering altar of Xom.
 48396 | D:13     | Noticed Urug
 48983 | D:13     | Reached XP level 16. HP: 102/126 MP: 20/28
 49073 | D:13     | HP: 3/126 [+6 long sword (9)]
 50495 | D:13     | Found a gate to the Vaults.
 50987 | D:13     | Killed Urug
 50988 | D:13     | Reached skill level 10 in Long Blades
 51393 | D:14     | Found an ornate altar of the Wu Jian Council.
 52735 | D:14     | Found an opulent altar of Gozag.
 53242 | D:15     | Entered Level 15 of the Dungeon
 53752 | D:15     | Reached skill level 5 in Translocations
 55219 | D:15     | Found Ihiyfria's Book Emporium.
 56021 | D:15     | Found a staircase to the Depths.
 56158 | D:15     | Learned a level 6 spell: Summon Cactus Giant
 56475 | D:9      | Bought the +3 pair of seven-league boots {Rampage+∞} for
                  | 1400 gold pieces
 56475 | D:9      | Found the +3 pair of seven-league boots {Rampage+∞}
 56942 | D:3      | Bought a book of Air for 286 gold pieces
 56946 | D:3      | Learned a level 3 spell: Swiftness
 57403 | Lair:2   | Identified a scroll of acquirement
 57403 | Lair:2   | Acquired 1091 gold pieces
 57423 | Swamp:1  | Entered Level 1 of the Swamp
 57970 | Lair:2   | HP: 5/127 [alligator[an alligator] (12)]
 60300 | Swamp:2  | Noticed Jorgrun
 60315 | Swamp:2  | Killed Jorgrun
 60968 | Swamp:2  | Reached XP level 17. HP: 120/133 MP: 24/30
 61231 | Swamp:2  | Reached skill level 10 in Spellcasting
 62551 | Swamp:2  | HP: 5/119 [six-headed hydra (8)]
 63552 | D:9      | Bought a smoking executioner's axe for 420 gold pieces
 63552 | D:9      | Identified the +3 executioner's axe of Yjiunet {spect, rC-
                  | Str+3 Dex+4 SInv} (You bought it in a shop on level 9 of
                  | the Dungeon)
 63552 | D:9      | Bought an encrusted hand crossbow for 238 gold pieces
 63552 | D:9      | Identified the +5 hand crossbow of Extermination {penet,
                  | Drain rF++ Str+3} (You bought it in a shop on level 9 of
                  | the Dungeon)
 63643 | Spider:1 | Entered Level 1 of the Spider Nest
 65429 | Swamp:4  | Entered Level 4 of the Swamp
 65429 | Swamp:4  | Found the +3 salamander hide armour {Flames rF++ rC--}
 67408 | Swamp:4  | Noticed the 27-headed Lernaean hydra
 67794 | Swamp:4  | Noticed OmG's ghost (adept DESu)
 67806 | Swamp:4  | Noticed a thorn hunter
 67836 | Swamp:4  | HP: 3/133 [bog body/bolt of cold (13)]
 67838 | Swamp:4  | Noticed a tentacled monstrosity
 68516 | Swamp:2  | Reached skill level 1 in Staves
 69119 | Swamp:4  | Found a runed translucent gate.
 69119 | Swamp:4  | Found a runed translucent gate.
 69120 | Swamp:4  | Found a runed translucent gate.
 70039 | Swamp:4  | Learned a level 3 spell: Teleport Other
 70292 | Lair:2   | Reached skill level 5 in Staves
 71810 | Spider:1 | Reached XP level 18. HP: 124/140 MP: 16/33
 71969 | Spider:1 | HP: 4/140 [redback (8)]
 71985 | Spider:1 | HP: 7/140 [poisoned by a redback]
 73513 | Spider:1 | Identified the +1 pair of gloves "Umuit" {rC+}
 73513 | Spider:1 | Noticed Nikola
 73548 | Spider:1 | Killed Nikola
 77705 | Spider:3 | Reached skill level 10 in Staves
 78260 | Spider:3 | Noticed Arachne
 79103 | Spider:3 | Killed Arachne
 79419 | Spider:4 | Entered Level 4 of the Spider Nest
 81393 | Spider:4 | Reached skill level 10 in Summonings
 81571 | Spider:4 | Reached XP level 19. HP: 145/146 MP: 30/34
 81763 | Spider:4 | Noticed Kirke
 81796 | Spider:4 | Killed Kirke
 81918 | Spider:4 | Identified the +7 trident of Peace {freeze, rN+++ Str+3
                  | Int+3}
 82301 | Spider:4 | Got a gossamer rune of Zot
 82694 | D:9      | Bought an encrusted great sword for 310 gold pieces
 82694 | D:9      | Identified the +6 great sword of Mourning {flame, Drain
                  | Will++ Dex+3} (You bought it in a shop on level 9 of the
                  | Dungeon)
 82694 | D:9      | Bought an encrusted trident for 229 gold pieces
 82694 | D:9      | Identified the +8 trident "Hell-Harrower" {vorpal, rElec
                  | Dex+4} (You bought it in a shop on level 9 of the Dungeon)
 82694 | D:9      | Bought a smoking mace for 216 gold pieces
 82694 | D:9      | Identified the +6 mace of the Globe {vorpal, *Noise rElec
                  | Int+2 Stlth+} (You bought it in a shop on level 9 of the
                  | Dungeon)
 83007 | Elf:1    | Entered Level 1 of the Elven Halls
 83007 | Elf:1    | Noticed Frances
 83021 | Elf:1    | Killed Frances
 83389 | Elf:1    | Slain by a +2 war axe of flaming

Illustrated notes

Levels and vault maps discovered:
D:1:      nicolae_arrival_memento_mori, layout_loops_ring, serial_shops,
          nicolae_diamond_shop
D:2:      cheibrodos_greedy_goblins, layout_basic, serial_shops,
          nicolae_diamond_shop, hellmonk_ecumenical_altar_inner_sanctum,
          uniq_natasha
D:3:      layout_loops_corners, serial_shops, nicolae_lakefront_shop,
          nrook_loot_triangle, minivault_19, uniq_grinder
D:4:      layout_cave_pods, uniq_blork_the_orc, uniq_robin
D:5:      layout_loops_ring, guppyfry_early_orc_mine
D:6:      layout_cave_pools
D:7:      layout_rooms, nicolae_overflow_hidden_temple,
          minmay_temple_entry_from_below_b, serial_shops, shop,
          serial_corexii_hall, chequers_hall_statues_wall_a,
          corexii_hall_statues_l, uniq_pikel
D:8:      layout_layer_cave, kennysheep_mini, lemuel_coloured_pillars_altar,
          vehumet_crystals
D:9:      minmay_the_grid_octo_tiled_octocenter [minmay_the_grid_octo_clover,
          minmay_the_grid_octo_empty, minmay_the_grid_octo_odd_swirl,
          minmay_the_grid_octo_focus, minmay_the_grid_octo_prize_single_spiral,
          minmay_the_grid_square_5x5_misaligned,
          minmay_the_grid_square_5x5_beaten_path,
          minmay_the_grid_square_5x5_inner_i,
          minmay_the_grid_square_5x5_two_walls_a], layout_basic,
          mainiacjoe_overflow_paths, david_lair_generic
D:10:     minmay_imperfect_grid, layout_basic, uniq_nergalle
D:11:     layout_long_grid, erik_orc_2, minmay_crystal_water, uniq_fannar
D:12:     layout_basic
D:13:     layout_rooms, erik_vaults_1, minmay_misc_feat_ornament,
          xom_shifter_show, uniq_urug
D:14:     layout_roguey [special_room_orc], grunt_gozag_breadcrumbs,
          nzn_wu_jian_council_hall
D:15:     hangedman_depths_entry_civil_slaughter, layout_basic, serial_shops,
          shop, hangedman_abyss_or_decor_slice
Temple:   dshaligram_water_room_temple
Lair:1:   layout_concentric_octagons, minmay_shattered_shrine
Lair:2:   layout_chaotic_city, minmay_swamp_entry_swarm,
          nicolae_spider_entry_tight_spaces, cheibrodos_lair_reptile_den,
          grunt_megastairs_4
Lair:3:   layout_cellular_growth, serial_bayou_shore_b, lemuel_fruit_fields,
          grunt_megastairs_2
Lair:4:   layout_small_grid, serial_bayou_shore_b, grunt_megastairs_5
Lair:5:   layout_long_grid, columned_hall_lemuel, gammafunk_lair_bear_cave,
          infiniplex_staircase_pool_2, uniq_nessos
Lair:6:   grunt_lair_end_beastmaster, layout_cave_shapes, slime_altar_1,
          chequers_serial_rivers_large_a
Swamp:1:  layout_falls_marsh, evilmike_swamp_ruin_house_6
Swamp:2:  layout_basic_swamp, evilmike_swamp_ruin_rubble_2, uniq_jorgrun
Swamp:3:  layout_basic_swamp, nicolae_swamp_triple_paths
Swamp:4:  swamp_old_school, layout_basic_swamp, gammafunk_ghost_split,
          infiniplex_staircase_pool
Spider:1: layout_spider_delve, nicolae_spider_some_kinda_spiderbox, uniq_nikola
Spider:2: layout_chambers, hangedman_spider_tarantella_strand
Spider:3: layout_spider_delve, hellmonk_deceptive_appearances, uniq_arachne
Spider:4: floodkiller_spider_rune_tomb, uniq_kirke
Orc:1:    layout_caves, nicolae_specific_store, nicolae_orc_lava_room
Orc:2:    grunt_orc_cross, layout_diamond_mine
Elf:1:    layout_onion_city, serial_shops, shop, minmay_elf_annihilation,
          uniq_frances

Skill      XL: |  1  2  3  4  5  6  7  8  9 10 11 12 13 14 15 16 17 18 19 |
---------------+----------------------------------------------------------+-----
Maces & Flails | 1 |  1.6
Dodging        | 2 3 4 5 6 8 9 11 12 | 12.4
Fighting       | 2 3 4 5 7 8 9 10 11 12 | 12.2
Short Blades   | 1 2 3 4 5 7 8 10 | 10.5
Evocations     | 4 5 6 7 |  7.6
Shields        | 1 3 5 |  5.2
Stealth        | 2 4 5 6 7 |  7.6
Spellcasting   | 2 4 6 8 9 11 12 | 12.2
Long Blades    | 1 6 8 9 10 | 10.3
Summonings     | 4 5 7 9 10 | 10.5
Air Magic      | 2 4 5 6 7 |  7.4
Armour         | 3 4 |  4.6
Translocations | 4 5 |  5.1
Staves         | 6 11 | 11.8

Action                   |  1- 3 |  4- 6 |  7- 9 | 10-12 | 13-15 | 16-18 | 19-21 || total
-------------------------+-------+-------+-------+-------+-------+-------+-------++-------
Melee: Club              |   137 |       |       |       |       |       |       ||   137
       Short sword       |    65 |       |       |    23 |       |       |       ||    88
       Dagger            |     5 |   113 |   690 |  1279 |    35 |    88 |       ||  2210
       Punch             |       |     2 |    20 |    33 |    32 |    20 |       ||   107
       Falchion          |       |       |       |    51 |  1683 |   954 |       ||  2688
       Quarterstaff      |       |       |       |       |       |   493 |   123 ||   616
Throw: Dart              |       |       |       |       |    15 |    26 |       ||    41
 Cast: Summon Lightning  |       |       |       |       |   112 |   233 |    17 ||   362
       Swiftness         |       |       |       |       |       |     5 |       ||     5
       Summon Cactus Gia |       |       |       |       |       |    65 |    10 ||    75
       Summon Forest     |       |       |       |       |       |    10 |     1 ||    11
Invok: Call Merchant     |       |       |       |       |     4 |     1 |     1 ||     6
       Potion Petition   |       |       |       |       |       |     3 |       ||     3
Evoke: Wand              |     7 |    13 |     1 |    37 |    35 |    35 |     1 ||   129
       Piece from Xom's  |       |     2 |     1 |       |       |       |       ||     3
       Lightning rod     |       |       |       |     7 |       |     1 |       ||     8
       Phantom mirror    |       |       |       |     1 |     1 |       |       ||     2
  Use: Potion            |       |     1 |       |     2 |       |    25 |     4 ||    32
       Scroll            |       |       |       |    24 |    14 |    12 |       ||    50
 Stab: Sleeping          |     2 |     1 |       |     6 |     8 |     1 |       ||    18
       Distracted        |     1 |       |       |     2 |    25 |    57 |     4 ||    89
       Petrified         |       |       |       |       |     9 |       |       ||     9
       Petrifying        |       |       |       |       |     1 |       |       ||     1
Armor: Leather armour    |    84 |     2 |       |   233 |   416 |   742 |    46 ||  1523
       Ring mail         |       |    14 |   168 |    40 |       |       |       ||   222
Dodge: Dodged            |   158 |    47 |   256 |   637 |  1019 |  1514 |   110 ||  3741
Block: Other             |       |       |    97 |   223 |   296 |       |       ||   616
       Reflection        |       |       |     1 |     5 |     5 |       |       ||    11
